 Dungeon Crawl Stone Soup version 0.25-a0-51-gc466198 (webtiles) character file.

Game seed: 2427271377756883452, levelgen mode: deterministic

219 BoppinsLewinski the Skirmisher (level 5, -1/46 HPs)
             Began as a Draconian Fighter on Oct 25, 2019.
             Slain by an iguana (4 damage)
             ... on level 4 of the Dungeon.
             The game lasted 00:04:18 (2880 turns).

BoppinsLewinski the Skirmisher (Draconian Fighter)  Turns: 2880, Time: 00:04:19

Health: -1/46      AC:  5    Str: 20    XL:     5   Next: 63%
Magic:  5/5        EV: 13    Int:  8    God:
Gold:   118        SH:  0    Dex: 10    Spells: 4/4 levels left

rFire    . . .     SeeInvis .   a - +0 long sword
rCold    . . .     Gourm    .   (no shield)
rNeg     . . .     Faith    .   (armour unavailable)
rPois    .         Spirit   .   (helmet restricted)
rElec    .         Reflect  .   (no cloak)
rCorr    .         Harm     .   (no gloves)
MR       .....                  (no boots)
Stlth    +.........             (no amulet)
HPRegen  0.15/turn              (no ring)
MPRegen  0.09/turn              (no ring)

@: no status effects
A: unfitting armour, cold-blooded, AC +5
a: no special abilities


You were on level 4 of the Dungeon.
You were hungry.

You visited 1 branch of the dungeon, and saw 4 of its levels.

You collected 118 gold pieces.

Inventory:

Hand Weapons
 a - a +0 long sword (weapon)
 j - a +0 hunting sling
Missiles
 i - 42 sling bullets
Armour
 b - a +0 shield
Jewellery
 o - an uncursed ring of protection from fire {unknown}
 w - an uncursed ring of wizardry {unknown}
Scrolls
 e - 3 scrolls of identify {unknown}
 f - a scroll of fear {unknown}
 h - 2 scrolls of fog {unknown}
 k - 5 scrolls of teleportation {unknown}
 l - 3 scrolls of remove curse {unknown}
 m - a scroll of immolation {unknown}
 p - 2 scrolls of enchant weapon {unknown}
 u - a scroll of magic mapping {unknown}
 v - a scroll of amnesia {unknown}
Potions
 c - a potion of might
 g - 2 potions of heal wounds
 n - a potion of curing {unknown}
 q - a potion of cancellation {unknown}
 r - a potion of mutation {unknown}
 s - a potion of flight {unknown}
 t - a potion of brilliance {unknown}
Comestibles
 d - 5 rations


   Skills:
 + Level 4.0 Fighting
 * Level 3.8 Long Blades
 + Level 1.2(1.6) Slings
 + Level 1.5(1.8) Throwing
 + Level 3.3 Dodging
 + Level 3.6 Shields


You had 4 spell levels left.
You didn't know any spells.
Your spell library contained the following spells:

 Spells                   Type           Power        Failure   Level  Hunger
 Animate Skeleton         Necr           N/A          41%         1    ##.....


Dungeon Overview and Level Annotations

Branches:
Dungeon (4/15)
 Temple: D:4-7

Altars:
Ashenzari
Kikubaaqudgha
Ru
Sif Muna
Vehumet


Innate Abilities, Weirdness & Mutations

Your plain brown scales are hard. (AC +5)
You cannot fit into any form of body armour.
You are cold-blooded and may be slowed by cold attacks.


Message History

Ye slash tha iguana!
Tha iguana be severely wounded.
Tha iguana bites ye!
* * * LOW HITPOINT WARNIN'
* * * Ye barely miss tha iguana.
Tha iguana be severely wounded.
Tha iguana closely misses ye.
Tha iguana bites ye but does nay damage.
Ye barely miss tha iguana.
Tha iguana be severely wounded.
Tha orc wizard barely misses ye.
Tha orc wizard misses ye.
Ye riposte.
Ye hit tha orc wizard.
Ye tail-slap tha orc wizard.
Tha orc wizard be moderately wounded.
Tha iguana barely misses ye.
Ye riposte.
Ye hit tha iguana.
Tha iguana be almost dead.
Ye hit tha iguana but do nay damage.
Tha iguana be almost dead.
A hound comes inta view.
Tha orc wizard barely misses ye.
Tha iguana bites ye.
Ye die...

#.....#............
#.....#............
#.................#
#.................#
#..................
#.................#
######..................
......h..o.......###'#...
####..#.@l.......# #.####
.....####.......# #..
#.##............# #### #.
#.##.##......# . #..
#......# ... ..##### o...
..# .##. ..# #. ..#


You could see an iguana, a hound (wandering) and an orc wizard.

Vanquished Creatures
  An orc priest (D:3)
  2 orc wizards (D:3)
  A worker ant (D:4)
  2 adders
  An ooze (D:4)
  A worm (D:3)
  2 leopard geckos
  7 orcs (D:3)
  5 giant cockroaches
  3 goblins
  8 hobgoblins
  7 jackals
  4 quokkas
  2 ball pythons
  10 bats
  5 frilled lizards
  7 kobolds
  8 rats
76 creatures vanquished.

Notes
Turn   | Place    | Note
-------+----------+-------------------------------------------
     0 | D:1      | BoppinsLewinski the Draconian Fighter began the quest for
                  | the Orb.
     0 | D:1      | Reached XP level 1. HP: 19/19 MP: 1/1
   453 | D:1      | Reached XP level 2. HP: 25/26 MP: 2/2
   745 | D:1      | Reached XP level 3. HP: 31/31 MP: 3/3
  1135 | D:2      | Found a radiant altar of Vehumet.
  1142 | D:2      | Found an ancient bone altar of Kikubaaqudgha.
  1143 | D:2      | Found a shimmering blue altar of Sif Muna.
  1148 | D:2      | Identified Kikubaaqudgha's Almanac of Stolen Souls
  1217 | D:2      | Found a sacrificial altar of Ru.
  1301 | D:2      | Reached skill level 1 in Throwing
  1498 | D:3      | Found a shattered altar of Ashenzari.
  1622 | D:3      | Reached XP level 4. HP: 14/40 MP: 4/4
  1717 | D:3      | Reached skill level 1 in Slings
  2009 | D:3      | Reached XP level 5. HP: 46/46 MP: 5/5
  2601 | D:4      | Reached skill level 4 in Fighting
  2880 | D:4      | Slain by an iguana

Levels and vault maps discovered:
D:1:      psy_arrival_statuary, layout_basic
D:2:      layout_loops_ring, grunt_temple_overflow_magic_moments,
          hangedman_ru_absence, first_ration, corexii_item_surrounded_by_moat
D:3:      layout_basic, ashenzari_conservatory_becter, minmay_quantized
D:4:      layout_basic, hangedman_decor_clover_reticule

Skill      XL: |  1  2  3  4  5 |
---------------+----------------+-----
Throwing       | 1 |  1.5
Long Blades    | 3 |  3.8
Dodging        | 3 |  3.3
Slings         | 1 |  1.2
Fighting       | 4 |  4.0
Shields        | |  3.6

Action                   |  1- 3 |  4- 6 || total
-------------------------+-------+-------++-------
Melee: Long sword        |    90 |   103 ||   193
       Tailslap          |    10 |    15 ||    25
  Use: Potion            |     2 |     1 ||     3
  Eat: Chunk             |     2 |     4 ||     6
Armor: Skin              |    41 |    19 ||    60
Dodge: Dodged            |    94 |    67 ||   161
Block: Shield            |     4 |       ||     4
       Rpst.: Long sword |    29 |    26 ||    55

Table legend:
 A = Non-vault XP
 B = Vault XP
 C = Vault XP percentage of total XP
 D = Non-vault monster count
 E = Vault monster count
 F = Vault count percentage of total count
                 A         B        C        D         E       F
            +---------+---------+-------+---------+---------+-------
      Total |     308 |       5 |   1.6 |      72 |       4 |   5.3
            +---------+---------+-------+---------+---------+-------
        D:1 |      44 |       0 |   0.0 |      27 |       0 |   0.0
        D:2 |      29 |       0 |   0.0 |      10 |       0 |   0.0
        D:3 |     194 |       5 |   2.5 |      33 |       4 |  10.8
        D:4 |      41 |       0 |   0.0 |       2 |       0 |   0.0
            +---------+---------+-------+---------+---------+-------
